 Dungeon Crawl Stone Soup version 0.32-a0-685-g93135e86f0 (webtiles) character file.

Game seed: 13980168868217242482

107 warriortoast the Digger (level 4, 0/24 HPs)
             Began as a Gargoyle Earth Elementalist on Mar 12, 2024.
             Slain by an orc
             ... wielding a +1 mace of protection
              (3 damage)
             ... on level 4 of the Dungeon.
             The game lasted 00:03:18 (2863 turns).

warriortoast the Digger (GrEE)                      Turns: 2863, Time: 00:03:18

Health: 0/24       AC:  6    Str: 12    XL:     4   Next: 85%
Magic:  5/8        EV: 11    Int: 17    God:
Gold:   158        SH:  0    Dex: 10    Spells: 8/9 levels left

rFire   . . .        (no weapon)
rCold   . . .        (no shield)
rNeg    + . .        a - +0 robe
rPois   ∞            (no helmet)
rElec   +            (no cloak)
rCorr   .            (no gloves)
SInv    .            e - +0 pair of boots
Will    .....        (no amulet)
Stlth   ++           (no ring)
HPRegen 0.24/turn    (no ring)
MPRegen 0.11/turn

%: no passive effects
@: no status effects
A: sickness immunity, AC +3, negative energy resistance 1, electricity
resistance, torment resistance 1, petrification resistance
a: Convert to Beogh


You were on level 4 of the Dungeon.
You visited 1 branch of the dungeon, and saw 4 of its levels.

You collected 158 gold pieces.

Inventory:

Armour
 a - a +0 robe (worn)
 e - a +0 pair of boots (worn)
Scrolls
 c - 2 scrolls of acquirement {unknown}
 d - 6 scrolls of teleportation {unknown}
 g - 4 scrolls of revelation {unknown}
 h - a scroll of poison {unknown}
 k - 2 scrolls of enchant armour {unknown}
 n - a scroll of amnesia {unknown}
 o - 6 scrolls of identify {unknown}
 p - a scroll of fog {unknown}
 q - a scroll of brand weapon {unknown}
 s - a scroll of blinking {unknown}
 t - a scroll of silence {unknown}
Potions
 b - a potion of magic
 f - a potion of haste {unknown}
 i - a potion of curing {unknown}
 j - a potion of might {unknown}
 l - a potion of ambrosia {unknown}
 m - 2 potions of lignification {unknown}
 r - 2 potions of resistance {unknown}


   Skills:
 - Level 1.5 Dodging
 - Level 2.1 Stealth
 + Level 3.1 Spellcasting
 + Level 2.8 Conjurations
 + Level 4.7 Earth Magic


You had 8 spell levels left.
You knew the following spells:

 Your Spells              Type           Power      Damage    Failure   Level
a - Sandblast             Erth           36%        2d10      2%          1

Your spell library contained the following spells:

 Spells                   Type           Power      Damage    Failure   Level
 Passwall                 Erth           18%        N/A       8%          3
 Stone Arrow              Conj/Erth      30%        3d8       11%         3
 Brom's Barrelling Bould  Conj/Erth      15%        2d4       34%         4
 Tukima's Dance           Hex            2%         N/A       45%         3
 Petrify                  Alch/Erth      10%        N/A       54%         4
 Passage of Golubria      Tloc           2%         N/A       86%         4
 Yara's Violent Unravell  Hex/Alch       1%         3d3       99%         5


Dungeon Overview and Level Annotations

Branches:
Dungeon (4/15)
 Temple: D:4-7

Altars:
Nemelex Xobeh
Ru
Wu Jian

Shops:
D:2 (


Innate Abilities, Weirdness & Mutations

You are immune to sickness and miasma.
Your stone body is resilient. (AC +3)
You are immune to poison.
You resist negative energy. (rN+)
You are resistant to electric shocks. (rElec)
You are resistant to unholy torment.
You are immune to petrification.


Message History

You kill the orc!
You can't see any susceptible monsters within range! (Use Z to cast anyway.)
You can't see any susceptible monsters within range! (Use Z to cast anyway.)
An orc is nearby!
The orc shouts!
You hear a shout!
The blast of sand hits the orc.
The orc is almost dead.
The orc wizard gestures at you while chanting.
The puff of flame hits you.
The blast of sand hits the orc!
You kill the orc!
The orc wizard gestures at you while chanting.
The puff of flame hits you.
The blast of sand hits the orc but does no damage.
The orc priest shouts, "Surrender to Beogh and we'll let you live!" (press Y on the ability menu to convert to Beogh)
The blast of sand hits the orc but does no damage.
The orc hits you with a +1 mace of protection!
The orc wizard points at you and mumbles some strange words.
You resist with some effort.
The orc priest casts a cantrip, but nothing happens.
There is a stone staircase leading up here.
Unknown command.
Unknown command.
Unknown command.
Unknown command.
The orc hits you but does no damage.
The orc hits you with a +1 mace of protection.
* * * LOW HITPOINT WARNING * * *
You climb upwards.
There is a stone staircase leading down here.
The orc hits you with a +0 dagger.
* * * LOW HITPOINT WARNING * * *
The orc hits you but does no damage.
You climb downwards.
The orc priest casts a cantrip, but nothing happens.
There is a stone staircase leading up here.
The orc completely misses you.
The orc hits you with a +1 mace of protection.
You die...

..........### ..
..##.........
####.###.######..###
#....!.?...## .##
#.$.......... .#
#..o.......# ##
#..........#
#.o.o.....?#
#..@o......#
##..........#
#...........###
#...<..........
###....[.######
#....)..# #........#
###....>.# §.......#


You could see an orc priest, an orc wizard and 2 orcs.

Vanquished Creatures
  Jessica (D:2)
  2 adders
  A dart slug (D:1)
  A ribbon worm (D:3)
  4 orcs
  6 ball pythons
  8 endoplasms
  A giant cockroach (D:2)
  3 goblins
  5 hobgoblins
  3 quokkas
  4 bats
  A frilled lizard (D:1)
  6 kobolds
  4 rats
50 creatures vanquished.

Notes
Turn   | Place    | Note
-------+----------+-------------------------------------------
     0 | D:1      | warriortoast the Gargoyle Earth Elementalist began the
                  | quest for the Orb.
     0 | D:1      | Reached XP level 1. HP: 10/10 MP: 3/3
    33 | D:1      | Found a faded altar of an unknown god.
    93 | D:1      | Reached XP level 2. HP: 15/15 MP: 3/5
   401 | D:1      | Reached skill level 4 in Earth Magic
   842 | D:2      | Reached XP level 3. HP: 19/19 MP: 3/6
   862 | D:2      | Noticed Jessica
   865 | D:2      | Killed Jessica
   907 | D:2      | Found an ornate altar of the Wu Jian Council.
  1264 | D:2      | Reached XP level 4. HP: 24/24 MP: 5/8
  1531 | D:2      | Found Teoph's Weapon Shoppe.
  1861 | D:3      | Found a sacrificial altar of Ru.
  2337 | D:3      | Found a sparkling altar of Nemelex Xobeh.
  2816 | D:4      | Noticed a black bear
  2863 | D:4      | Slain by an orc

Illustrated notes

Levels and vault maps discovered:
D:1:      eino_arrival_cavern_e, layout_rooms, hellmonk_ecumenical_altar_run_dry
D:2:      layout_basic, basic_altar, serial_shops, shop, uniq_jessica
D:3:      layout_loops_corners, mainiacjoe_overflow_chevrons,
          nemelex_dance_club_becter, palyth_stone_intersect
D:4:      layout_rooms, nzn_hepliaklqana_mist_gate, serial_shops,
          nicolae_shop_rolling_square, uniq_crazy_yiuf_cottage, uniq_grinder

Skill      XL: |  1  2  3  4 |
---------------+-------------+-----
Earth Magic    | 4 |  4.7
Conjurations   | 2 |  2.8
Spellcasting   | 3 |  3.1
Dodging        | |  1.5
Stealth        | |  2.1

Action                     |  1- 3 |  4- 6 || total
---------------------------+-------+-------++-------
  Melee: Unarmed           |     1 |       ||     1
   Cast: Sandblast         |    34 |    34 ||    68
 Armour: Robe              |     1 |    11 ||    12
  Dodge: Dodged            |     8 |     7 ||    15

Table legend: (Time is in decaauts)
 A = Elapsed time spent in this place.
 B = Non-inter-level travel time spent in this place.
 C = Inter-level travel time spent in this place.
 D = Time resting spent in this place.
 E = Time spent auto-exploring this place.
 F = Levels seen in this place.
 G = Mean time per level.
                   A        B        C        D        E       F      G
               +--------+--------+--------+--------+--------+-----+--------+
         Total |   2897 |   2707 |    190 |      0 |   2378 |   4 |  724.2 |
       Dungeon |   2897 |   2707 |    190 |      0 |   2378 |   4 |  724.2 |
               +--------+--------+--------+--------+--------+-----+--------+

Top non-repeatable levels by time:
     D:2: 1063 daAuts
     D:3: 1041 daAuts
     D:1: 749 daAuts
     D:4: 42 daAuts
